 Seeded DCSS version 0.25.1-11-g244df3a29b (webtiles) character file.

Game seed: 9335348854215055592 (custom seed)

29 hikkokomori the Grave Robber (level 3, 0/24 HPs)
             Began as a Demonspawn Necromancer on Mar 3, 2022.
             Succumbed to a goblin's poison
             ... on level 2 of the Dungeon.
             The game lasted 00:04:51 (2010 turns).

hikkokomori the Grave Robber (DsNe)                 Turns: 2010, Time: 00:04:52

Health: 0/24       AC:  3    Str: 11    XL:     3   Next: 1%
Magic:  5/6        EV: 16    Int: 16    God:
Gold:   30         SH:  0    Dex: 14    Spells: 4/6 levels left

rFire    . . .     SeeInvis .   j - +1 dagger (venom)
rCold    . . .     Gourm    .   (no shield)
rNeg     . . .     Faith    .   a - +0 robe
rPois    .         Spirit   .   (no helmet)
rElec    .         Reflect  .   (no cloak)
rCorr    .         Harm     .   i - +0 pair of gloves {Str+3}
MR       .....                  (no boots)
Stlth    +++.......             (no amulet)
HPRegen  0.08/turn              f - +4 ring of evasion
MPRegen  0.10/turn              (no ring)

@: lethally poisoned (0 -> -6)
A: nightstalker 1
a: no special abilities


You were on level 2 of the Dungeon.
You were not hungry.

You visited 1 branch of the dungeon, and saw 2 of its levels.

You collected 30 gold pieces.

Inventory:

Hand Weapons
 b - a +0 club
 j - a +1 dagger of venom (weapon)
Armour
 a - a +0 robe (worn)
 i - a +0 pair of gloves of strength (worn)
Jewellery
 f - a +4 ring of evasion (left hand)
Scrolls
 d - a scroll of remove curse {unknown}
 g - a scroll of identify {unknown}
Potions
 e - a potion of magic {unknown}
Comestibles
 c - 3 rations
 h - a chunk of flesh


   Skills:
 + Level 2.2 Dodging
 + Level 2.3 Stealth
 - Level 2.0 Spellcasting
 + Level 4.9 Necromancy


You had 4 spell levels left.
You knew the following spells:

 Your Spells              Type           Power        Failure   Level  Hunger
a - Pain                  Necr           ###.         2%          1    #......
b - Animate Skeleton      Necr           N/A          2%          1    #......

Your spell library contained the following spells:

 Spells                   Type           Power        Failure   Level  Hunger
 Vampiric Draining        Necr           ###.......   9%          3    ###....
 Animate Dead             Necr           N/A          26%         4    #####..
 Agony                    Necr           ###.....     58%         5    ######.


Dungeon Overview and Level Annotations

Branches:
Dungeon (2/15)

Altars:


Innate Abilities, Weirdness & Mutations

You are slightly more attuned to the shadows.


Message History

You feel sick.
* * * LOW HITPOINT WARNING * * *
You feel sick.
* * * LOW HITPOINT WARNING * * *
You feel sick.
* * * LOW HITPOINT WARNING * * *
You feel sick.
* * * LOW HITPOINT WARNING * * *
You feel sick.
* * * LOW HITPOINT WARNING * * *
You feel sick.
There is a stone staircase leading down here.
You climb downwards. 2 frilled lizards, a goblin and a kobold come into view.
The goblin shouts!
The kobold shouts!
The frilled lizard hisses angrily. x2
You hear an angry hiss.
Found three items.
Found a stone staircase leading down and a stone staircase leading up.
There is a stone staircase leading up here.
You die...

...##.....##
...g....l..##
............#
.......!....#
....K.....$.#
............#
.$....@....l.
...#
...........##
...##.....##
## #######


You could see a goblin, a kobold and 2 frilled lizards.

Vanquished Creatures
  A dart slug (D:1)
  A leopard gecko (D:1)
  A ball python (D:1)
  8 goblins (D:1)
  3 hobgoblins (D:1)
  3 bats (D:1)
  A frilled lizard (D:1)
  2 kobolds (D:1)
  5 rats (D:1)
25 creatures vanquished.

Notes
Turn   | Place    | Note
-------+----------+-------------------------------------------
     0 | D:1      | hikkokomori the Demonspawn Necromancer began the quest for
                  | the Orb.
     0 | D:1      | Reached XP level 1. HP: 13/13 MP: 3/3
   310 | D:1      | Learned a level 1 spell: Animate Skeleton
   360 | D:1      | Gained mutation: You are slightly more attuned to the
                  | shadows. [demonic ancestry]
   360 | D:1      | Reached XP level 2. HP: 3/19 MP: 1/5
  1995 | D:1      | Reached XP level 3. HP: 12/24 MP: 4/6
  2007 | D:1      | HP: 1/24 [poisoned by a goblin]
  2010 | D:2      | Succumbed to a goblin's poison

Illustrated notes

Levels and vault maps discovered:
D:1:      enne_arrival_octagon_isle, layout_basic
D:2:      layout_rooms

Skill      XL: |  1  2 |
---------------+-------+-----
Dodging        | 2 |  2.2
Stealth        | 2 |  2.3
Spellcasting   | |  2.0
Necromancy     | |  4.9

Action                   || total
-------------------------++-------
Melee: Club              ||    69
 Cast: Pain              ||    31
       Animate Skeleton  ||     1
  Use: Potion            ||     1
 Stab: Sleeping          ||     4
  Eat: Chunk             ||     4
Armor: Robe              ||    46
Dodge: Dodged            ||    89
